 Dungeon Crawl Stone Soup version 0.19-a0-1206-g6bcb79c (webtiles) character file.

5774 mrath the Geomancer (level 10, -1/59 HPs)
             Began as a Gargoyle Earth Elementalist on Aug 21, 2016.
             Was a Priest of Vehumet.
             Slain by a warg (10 damage)
             ... on level 9 of the Dungeon on Aug 22, 2016.
             The game lasted 01:28:19 (13532 turns).

mrath the Geomancer (Gargoyle Earth Elementalist)  Turns: 13532, Time: 01:28:19

Health: -1/59      AC: 13    Str: 14    XL:     10   Next: 78%
Magic:  17/22      EV: 13    Int: 19    God:    Vehumet [***...]
Gold:   495        SH:  0    Dex: 10    Spells: 4 memorised, 13 levels left

rFire  . . .     SeeInvis .     y - +1 short sword (drain)
rCold  + . .     Gourm    .     M - +1 robe {rC+}
rNeg   + . .     Faith    .     (no shield)
rPois  ∞         Spirit   .     (no helmet)
rElec  +         Dismiss  .     S - +2 cloak
rCorr  .         Reflect  .     (no gloves)
MR     .....     Harm     .     (no boots)
Stlth  ++........               k - amulet of regeneration
                                C - +2 ring of strength
                                j - ring of flight

@: no status effects
A: negative energy resistance 1, electricity resistance, unbreathing,
petrification resistance, rot immunity, AC +7
a: Renounce Religion, Evoke Flight


You were on level 9 of the Dungeon.
You worshipped Vehumet.
Vehumet was most pleased with you.
You were very hungry.

You visited 2 branches of the dungeon, and saw 11 of its levels.

You collected 599 gold pieces.
You spent 104 gold pieces at shops.

Inventory:

Hand Weapons
 l - a +0 dagger of venom
 w - a +0 hunting sling of freezing
 y - a +1 short sword of draining (weapon)
 H - a +0 flail
 J - a cursed -1 long sword
 Q - a +1 flail
 R - a +1 mace of freezing
Missiles
 b - 260 stones
 v - 38 poisoned needles
 B - 14 tomahawks (quivered)
Armour
 M - a +1 robe of cold resistance (worn)
 S - a +2 cloak (worn)
 X - a +1 ring mail of positive energy
Jewellery
 j - a ring of flight (left hand)
 k - an amulet of regeneration (around neck)
 C - a +2 ring of strength (right hand)
Wands
 f - a wand of flame (19/48)
 I - a wand of lightning (0/15)
 V - a wand of random effects (21/48)
Scrolls
 g - 3 scrolls of enchant weapon {unknown}
 h - 3 scrolls of magic mapping {unknown}
 i - 10 scrolls of identify
 m - a scroll of noise {unknown}
 n - a scroll of teleportation {unknown}
 o - 2 scrolls of amnesia {unknown}
 q - 6 scrolls of remove curse
 s - 2 scrolls of fog
 A - a scroll of immolation {unknown}
 D - 2 scrolls of blinking {unknown}
 F - 3 scrolls of recharging {unknown}
 N - a scroll of torment {unknown}
 W - a scroll of vulnerability {unknown}
Potions
 a - 3 potions of berserk rage
 c - a potion of invisibility {unknown}
 p - a potion of cure mutation {unknown}
 r - 2 potions of curing {unknown}
 u - a potion of cancellation {unknown}
 x - a potion of resistance {unknown}
 z - a potion of heal wounds {unknown}
 P - a potion of might {unknown}
 U - a potion of magic {unknown}
Books
 e - a book of Geomancy

   Spells                             Type                      Level
   a - Sandblast                      Earth                        1
   b - Passwall                       Transmutation/Earth          2
   c - Stone Arrow                    Conjuration/Earth            3
   d - Petrify                        Transmutation/Earth          4
   e - Lee's Rapid Deconstruction     Earth                        5
 O - a book of Spatial Translocations

   Spells                             Type                      Level
   a - Apportation                    Translocation                1
   b - Blink                          Translocation                2
   c - Shroud of Golubria             Charms/Translocation         2
   d - Portal Projectile              Translocation                3
   e - Teleport Other                 Translocation                3
   f - Passage of Golubria            Translocation                4
 T - a book of Death

   Spells                             Type                      Level
   a - Corpse Rot                     Necromancy                   2
   b - Sublimation of Blood           Necromancy                   2
   c - Agony                          Necromancy                   5
   d - Dispel Undead                  Necromancy                   5
   e - Excruciating Wounds            Charms/Necromancy            5
   f - Bolt of Draining               Conjuration/Necromancy       5
Comestibles
 d - 7 bread rations
 t - 3 royal jellies
 E - 3 fruits
 G - a meat ration
 K - 2 beef jerkies
 L - 7 slices of pizza


   Skills:
 + Level 5.4 Fighting
 + Level 5.3 Armour
 + Level 4.4 Dodging
 - Level 2.3 Stealth
 * Level 8.2 Spellcasting
 + Level 6.1 Conjurations
   Level 0.7 Transmutations
 + Level 0.6 Fire Magic
 + Level 8.5 Earth Magic
 + Level 4.1 Evocations


You had 13 spell levels left.
You knew the following spells:

 Your Spells              Type           Power        Failure   Level  Hunger
a - Sandblast             Erth           #####.       1%          1    None
b - Stone Arrow           Conj/Erth      #####.       1%          3    None
c - Lee's Rapid Deconstr  Erth           #####.....   2%          5    #####..
d - Conjure Flame         Conj/Fire      ###.....     2%          3    None


Dungeon Overview and Level Annotations

Branches:
Dungeon (10/15)            Temple (1/1) D:5            Lair (0/6) D:10
    Orc: D:9-12

Altars:
Cheibriados
Elyvilon
Fedhas
Gozag
Nemelex Xobeh
Okawaru
Qazlal
Uskayaw
Vehumet
The Shining One

Shops:
D:5 ?   D:7 *

Annotations:
D:4 exclusion: oklob plant
D:8 Gastronok


Innate Abilities, Weirdness & Mutations

You are resistant to torment.
Your stone body is resilient. (AC +7)
You are immune to poison.
You resist negative energy. (rN+)
You are resistant to electric shocks. (rElec)
You can survive without breathing.
You are immune to petrification.
You are immune to rotting.


Message History

You kill the worker ant!
Vehumet accepts your kill.
The bolt of lightning hits the warg.
The warg is moderately wounded.
Evoking this partially-identified wand wasted a few charges.
You start eating one of the 4 fruits.
The warg bites you!
* * * LOW HITPOINT WARNING * * *
You are feeling very hungry.
Mmm - a full handful of bilberries!
Casting: Lee's Rapid Deconstruction
Confirm with . or Enter, or press ? or * to list all spells.
Aiming: Stone Arrow
Press: ? - help, Shift-Dir - straight line, f/p - warg
Aim: a warg (moderately wounded)
The stone arrow hits the warg.
The warg is heavily wounded.
The warg bites you.
* * * LOW HITPOINT WARNING * * *
The warg bites you!
You die...

#####..# ##......##
#..# ###....# ##..###
##...# #.....###
##..# ##.......# ##.#
#........# ####
##........# ###..#
#.........###...##
##..>....(...h@...##
#............##....##
#......)...####.....#
#..........# ##.....#
#..........# #......#
#.........## #......#
# ##.[......#
#......# ##
#.<......# #.....##
.###......### #.....#


You could see a warg.

Vanquished Creatures
  2 trolls (D:9)
  2 wyverns
  A human (D:6)
  2 yaks (D:7)
  A hippogriff (D:9)
  A warg (D:10)
  A black bear (D:9)
  2 sky beasts
  4 ice beasts
  3 phantoms
  A centaur (D:8)
  A necrophage (D:7)
  4 ogres
  A big kobold (D:8)
  6 giant frogs
  2 scorpions
  8 killer bees
  4 wights
  2 howler monkeys (D:5)
  4 crimson imps
  A quasit (D:9)
  6 hounds
  8 orc priests
  A wasp zombie (D:6)
  A centaur skeleton (D:9)
  An iron imp (D:6)
  A jelly (D:5)
  14 orc wizards
  3 giant frog skeletons
  Ijyb (D:3)
  An iguana (D:8)
  8 worker ants
  2 sheep (D:7)
  A hound zombie (D:6)
  2 hound skeletons
  A howler monkey zombie (D:6)
  A howler monkey skeleton (D:4)
  14 adders
  4 gnolls
  A shadow imp (D:5)
  An ooze (D:2)
  An adder skeleton (D:4)
  3 worms
  6 dart slugs
  3 giant geckos
  31 orcs
  2 ball pythons
  13 giant cockroaches
  9 goblins
  10 hobgoblins
  3 jackals
  4 quokkas
  A ball python skeleton (D:4)
  6 bats
  3 giant newts
  11 kobolds
  A quokka skeleton (D:4)
  5 rats
237 creatures vanquished.

Vanquished Creatures (others)
  A quokka (D:9)
  3 fungi (D:4)
4 creatures vanquished.

Grand Total: 241 creatures vanquished

Notes
Turn   | Place    | Note
-------+----------+-------------------------------------------
     0 | D:1      | mrath the Gargoyle Earth Elementalist began the quest for the Orb.
     0 | D:1      | Reached XP level 1. HP: 10/10 MP: 3/3
   429 | D:1      | Reached XP level 2. HP: 15/15 MP: 1/5
   792 | D:1      | Reached XP level 3. HP: 19/19 MP: 6/6
  1200 | D:1      | Learned a level 3 spell: Stone Arrow
  1816 | D:2      | Reached XP level 4. HP: 23/24 MP: 8/8
  1891 | D:2      | Found a sparkling altar of Nemelex Xobeh.
  1943 | D:2      | Reached skill level 1 in Conjurations
  1974 | D:2      | Noticed a dagger
  1974 | D:2      | Noticed a dagger
  1975 | D:2      | Found a hide-covered altar of Uskayaw.
  2556 | D:3      | Reached XP level 5. HP: 28/28 MP: 6/9
  2690 | D:3      | Reached skill level 5 in Earth Magic
  3080 | D:3      | Noticed Ijyb
  3097 | D:3      | Killed Ijyb
  3272 | D:3      | Found a stormy altar of Qazlal.
  3514 | D:4      | Reached XP level 6. HP: 31/32 MP: 7/11
  3670 | D:4      | Found an iron altar of Okawaru.
  4563 | D:4      | Found a radiant altar of Vehumet.
  4601 | D:4      | Reached XP level 7. HP: 36/36 MP: 10/14
  4644 | D:4      | Became a worshipper of Vehumet
  5092 | D:4      | Reached skill level 5 in Spellcasting
  5117 | D:4      | Found a blossoming altar of Fedhas.
  5201 | D:4      | Noticed an oklob plant
  5459 | D:5      | Entered Level 5 of the Dungeon
  5484 | D:5      | Reached skill level 1 in Armour
  5509 | D:5      | Reached skill level 1 in Fighting
  5692 | D:5      | Reached skill level 1 in Evocations
  5994 | D:5      | Reached XP level 8. HP: 33/43 MP: 2/16
  6089 | D:5      | Reached * piety under Vehumet
  6089 | D:5      | Offered knowledge of Freeze by Vehumet.
  6211 | D:4      | Learned a level 5 spell: Lee's Rapid Deconstruction
  6268 | D:5      | Found Ykujy's Magic Scroll Boutique.
  6275 | D:5      | Bought a scroll of identify for 24 gold pieces
  6275 | D:5      | Bought a scroll of fog for 24 gold pieces
  6275 | D:5      | Bought a scroll of remove curse for 36 gold pieces
  6398 | D:5      | Found a staircase to the Ecumenical Temple.
  6407 | Temple   | Entered the Ecumenical Temple
  7034 | D:6      | Found a snail-covered altar of Cheibriados.
  7691 | D:6      | Reached XP level 9. HP: 45/49 MP: 1/18
  8937 | D:7      | Found Heikeh's General Store.
  8945 | D:7      | Bought a scroll of identify for 20 gold pieces
  9085 | D:7      | Reached ** piety under Vehumet
  9223 | D:8      | Offered knowledge of Flame Tongue by Vehumet.
  9334 | D:8      | Found an opulent altar of Gozag.
  9575 | D:8      | Reached skill level 5 in Conjurations
  9909 | D:8      | Offered knowledge of Static Discharge by Vehumet.
 10228 | D:8      | Noticed Gastronok
 10681 | D:8      | Reached XP level 10. HP: 58/58 MP: 13/21
 11134 | D:9      | Noticed a catoblepas
 11317 | D:9      | Found a white marble altar of Elyvilon.
 11498 | D:9      | Reached *** piety under Vehumet
 11899 | D:9      | Found a glowing golden altar of the Shining One.
 11938 | D:9      | Reached skill level 5 in Fighting
 12048 | D:9      | Reached skill level 5 in Armour
 12850 | D:9      | Offered knowledge of Conjure Flame by Vehumet.
 12855 | D:9      | Learned a level 3 spell: Conjure Flame
 13196 | D:10     | Entered Level 10 of the Dungeon
 13468 | D:10     | Found a staircase to the Lair.
 13532 | D:9      | Slain by a warg

Vault maps used:
D:1:      eino_arrival_cavern_d, minmay_box_of_dots
D:2:      dancing_weapons_uskayaw, nemelex_spade_bored_becter
D:3:      marbit_many_paths, first_bread, uniq_iyjb
D:4:      tgw_fedhas, okawaru_gym_becter, vehumet_altar_wand_db
D:5:      serial_shops, shop
D:6:      slow_altar_1
D:7:      serial_shops, shop, grunt_livestock
D:8:      nicolae_gozag_cash_rules_everything_around_me, uniq_gastronok
D:9:      old_standard_altar, basic_altar
D:10:     erik_lair_orcish_takeover, orc_0_dummy
Temple:   minmay_temple_curvy_branch

Skill      XL: |  1  2  3  4  5  6  7  8  9 10 |
---------------+-------------------------------+-----
Dodging        | 2 3 4 |  4.4
Earth Magic    | 4 5 6 7 8 |  8.5
Conjurations   | 1 2 3 4 5 6 |  6.1
Spellcasting   | 3 4 5 6 7 8 |  8.2
Armour         | 1 2 4 5 |  5.3
Fighting       | 1 2 4 5 |  5.4
Evocations     | 1 2 3 4 |  4.1
Stealth        | |  2.3
Transmutations | |  0.7
Fire Magic     | |  0.6

Action                   |  1- 3 |  4- 6 |  7- 9 | 10-12 || total
-------------------------+-------+-------+-------+-------++-------
Melee: Spear             |     6 |       |       |       ||     6
       Dagger            |    59 |    44 |       |       ||   103
       Short sword       |       |    47 |   205 |    66 ||   318
Throw: Tomahawk          |       |     1 |     1 |     2 ||     4
 Cast: Sandblast         |    36 |    59 |     5 |     8 ||   108
       Stone Arrow       |       |    18 |   159 |    94 ||   271
       Lee's Rapid Decon |       |       |     3 |     5 ||     8
Evoke: Wand              |       |       |       |     2 ||     2
  Use: Scroll            |       |       |     3 |       ||     3
 Stab: Sleeping          |     3 |     3 |     1 |       ||     7
       Distracted        |       |       |     1 |       ||     1
  Eat: Chunk             |     3 |    10 |    24 |     7 ||    44
       Beef jerky        |       |       |     1 |     1 ||     2
       Fruit             |       |       |       |     1 ||     1
Armor: Robe              |    32 |    38 |    90 |    73 ||   233
Dodge: Dodged            |    47 |    65 |   166 |   114 ||   392
